Cogmind - Beta 14 @@@ ROGUE MODE // 2025.03.07 @ 20:43:07 Player: aloola Result: Destroyed by Cetus Guard with Advanced KE Penetrator Performance ------------- Evolutions (4) 2000 Regions Visited (10) 2000 Robots Destroyed (16) 80 Value Destroyed (324) 324 Prototype IDs (11) 220 Alien Tech Used (0) 0 Bonus (231) 231 TOTAL SCORE: 4855 Bonus ------- Registered with UFD 300 Friendly Fire -69 Cogmind --------- Core Integrity 0/850 Matter 290/300 Energy 98/100 System Corruption 0% Temperature Cool (0) Movement Core (50) Location -6/Cetus Parts ------- > --- POWER (1) -------- (None) > --- PROPULSION (5) --- (None) > --- UTILITY (7) ------ Advanced Signal Interpreter Terrain Scan Processor Advanced Terrain Scan Processor > --- WEAPON (2) ------- (None) > --- INVENTORY (5) ---- Authchip [R/NC] Improved EM Pulse Cannon Autogun Power Sword DRS Beacon (Ready) Peak State ------------ > --- POWER ------------ Backup Power III > --- PROPULSION ------- Cesium-ion Thruster Improved VTOL Module Improved VTOL Module > --- UTILITY ---------- Enhanced Optical Array Improved Terrain Scanner Improved Terrain Scanner Improved Terrain Scan Processor Advanced Terrain Scan Processor Seismic Detector Hardened Light Armor Plating > --- WEAPON ----------- Pulse Rifle > --- INVENTORY -------- Authchip [R/NC] Improved EM Pulse Cannon Battle Cannon Power Sword DRS Beacon [Rating: 40] Favorites ----------- Power Backup Power III Engine Backup Power III Propulsion Improved VTOL Module Hover Unit Backup Propulsion III Flight Unit Improved VTOL Module Utility Improved Terrain Scanner Device Improved Terrain Scanner Storage Small Storage Unit Processor Improved Terrain Scan Processor Protection Hardened Light Armor Plating Weapon Backup Laser III Energy Gun Backup Laser III Energy Cannon Advanced Beam Cannon Ballistic Cannon Battle Cannon Build | -11 -10 -10 -9 -8 -8 -8 -8 -6 -6 -6 ------- Run | Yrd Mat Min Mat Mat Sto Rec Scr Fac Ext Cet Slots Evolved 8 | . . . 2 2 . . . 4 . . Power . | . . . . . . . . . . . Propulsion 3 | . . . 2 . . . . 1 . . Utility 5 | . . . . 2 . . . 3 . . Weapon . | . . . . . . . . . . . Parts Attached 34 | 3 4 . 2 3 7 1 1 11 2 . Power 1 | . . . . . . . . 1 . . Engine 1 | . . . . . . . . 1 . . Core . | . . . . . . . . . . . Reactor . | . . . . . . . . . . . Propulsion 11 | . 2 . 2 . 5 . . 2 . . Treads . | . . . . . . . . . . . Leg . | . . . . . . . . . . . Wheel . | . . . . . . . . . . . Hover . | . . . . . . . . . . . Flight 11 | . 2 . 2 . 5 . . 2 . . Utility 13 | 1 . . . 3 . 1 1 5 2 . Device 4 | . . . . 1 . . 1 2 . . Storage 1 | 1 . . . . . . . . . . Processor 5 | . . . . 1 . . . 2 2 . Hackware . | . . . . . . . . . . . Protection 3 | . . . . 1 . 1 . 1 . . Artifact . | . . . . . . . . . . . Weapon 9 | 2 2 . . . 2 . . 3 . . Energy Gun 6 | 2 2 . . . 1 . . 1 . . Energy Cannon 1 | . . . . . 1 . . . . . Ballistic Gun . | . . . . . . . . . . . Ballistic Cannon 2 | . . . . . . . . 2 . . Launcher . | . . . . . . . . . . . Special Weapon . | . . . . . . . . . . . Impact Weapon . | . . . . . . . . . . . Slashing Weapon . | . . . . . . . . . . . Piercing Weapon . | . . . . . . . . . . . Special Melee Weapon . | . . . . . . . . . . . Unidentified Prototypes 2 | . . . . . 2 . . . . . Corrupted Parts 1 | . . . . 1 . . . . . . System Corruption 1 | . . . . 1 . . . . . . Parts Lost 24 | . . 3 2 1 2 . . 4 12 . Power 2 | . . . . . . . . 1 1 . Propulsion 10 | . . 2 1 1 . . . 2 4 . Utility 7 | . . . . . 1 . . 1 5 . Weapon 5 | . . 1 1 . 1 . . . 2 . Highest Loss Streak 12 | . . 2 2 1 2 . . 2 12 . To Critical Strikes . | . . . . . . . . . . . Average Slot Usage (%) 73 | . 41 42 30 53 67 67 80 76 63 20 Engine 7 | . . . . 9 9 9 9 4 3 . Hover 1 | . . . . 9 8 . . . . . Flight 28 | . 19 28 19 8 10 36 36 21 17 . Device 14 | . . . . . 9 9 17 18 13 . Processor 9 | . . . . 2 9 9 9 15 19 20 Protection 7 | . . . . 9 8 4 9 5 . . Energy Gun 3 | . 21 14 11 15 11 . . 5 4 . Peak Build Rating 40 | 3 4 4 3 20 30 25 28 40 39 13 Average Rating 25 | 1 2 2 2 16 23 23 27 35 29 13 On Entrance 14 | . 1 4 1 1 19 23 25 28 39 13 Naked Turns . | . . . . . . . . . . . Heaviest Build 15 | 4 4 2 2 9 12 8 9 15 12 . Greatest Support 19 | 3 8 8 8 8 19 19 15 18 18 3 Greatest Overweight (x) 1 | 1 . . . 1 1 . . 1 . . Average Overweight (x) . | . . . . . . . . . . . Largest Inventory Capacity 8 | 8 5 5 5 5 5 5 5 5 5 5 Average Capacity 5 | 5 5 5 5 5 5 5 5 5 5 5 Most Carried 5 | 4 5 5 4 5 5 5 5 5 5 5 Average Carried 4 | 3 4 5 3 4 4 5 4 4 5 5 Final Capacity 5 | 5 5 5 5 5 5 5 5 5 5 5 Final Carried 5 | 4 5 5 3 4 5 5 5 5 5 5 Class Distribution -------------------- 69% | Sprinter 23% | Mutant 3% | Scavenger-Scout Dominant Class ---------------- Mutant | -10/Materials Mutant | -10/Mines Mutant | -9/Materials Mutant | -8/Materials Mutant | -8/Storage Sprinter | -8/Recycling Sprinter | -8/Scraptown Sprinter | -6/Factory Scavenger-Scout | -6/Extension Mutant | -6/Cetus Resources | -11 -10 -10 -9 -8 -8 -8 -8 -6 -6 -6 ----------- Run | Yrd Mat Min Mat Mat Sto Rec Scr Fac Ext Cet Matter Collected 525 | 230 30 5 . . 99 10 10 141 . . Remotely . | . . . . . . . . . . . Salvage Created 391 | 123 66 110 . . . . . 86 6 . Parts 25 | 8 6 4 . . . . . 5 2 . Haulers Intercepted . | . . . . . . . . . . . Recyclers Shooed . | . . . . . . . . . . . Parts Field Recycled . | . . . . . . . . . . . Retrieved Matter . | . . . . . . . . . . . Parts Self-Destructed . | . . . . . . . . . . . Prevented . | . . . . . . . . . . . Kills | -11 -10 -10 -9 -8 -8 -8 -8 -6 -6 -6 ------- Run | Yrd Mat Min Mat Mat Sto Rec Scr Fac Ext Cet Combat Hostiles Destroyed 9 | . 3 2 . . . . . 4 . . Guns 5 | . 2 2 . . . . . 1 . . Cannons 3 | . . . . . . . . 3 . . AOE 1 | . 1 . . . . . . . . . Classes Destroyed 6 | 1 1 1 . . . . . 2 1 . Worker 1 | . . . . . . . . 1 . . Tunneler 5 | 5 . . . . . . . . . . Operator 1 | . . . . . . . . . 1 . Swarmer 6 | . 3 . . . . . . 3 . . Grunt 2 | . . 2 . . . . . . . . Programmer 1 | . . . . . . . . 1 . . Best Kill Streak 3 | 3 3 2 . . . . . 3 1 . Combat Bots Only 3 | . 3 2 . . . . . 3 . . Max Kills in Single Turn 2 | 1 2 1 . . . . . 1 1 . Gunslinging . | . . . . . . . . . . . Exploded 1 | . 1 . . . . . . . . . Melee . | . . . . . . . . . . . Uniques/NPCs Destroyed . | . . . . . . . . . . . Combat | -11 -10 -10 -9 -8 -8 -8 -8 -6 -6 -6 -------- Run | Yrd Mat Min Mat Mat Sto Rec Scr Fac Ext Cet Hostile Shots Fired 245 | . 4 8 9 15 30 . . 29 138 12 Missed 118 | . 2 2 3 6 11 . . 9 78 7 Damage Taken 2340 | 24 55 149 78 186 341 . . 371 994 142 Core 1109 | 12 29 85 11 18 94 . . 48 670 142 Absorbed by Shields . | . . . . . . . . . . . Core Remaining (%) 80 | 95 . 49 97 . . . 79 . . . Volleys Fired 48 | 16 3 6 . 1 6 . . 15 1 . Largest 2 | 1 2 2 . 2 2 . . 2 1 . Hottest 102 | 40 80 80 . 80 95 . . 102 39 . Shots Fired 69 | 16 6 9 . 2 10 . . 25 1 . Gun 58 | 16 6 9 . 2 10 . . 15 . . Cannon 11 | . . . . . . . . 10 1 . Launcher . | . . . . . . . . . . . Special . | . . . . . . . . . . . Kinetic 11 | . . . . . . . . 10 1 . Thermal 21 | . . . . 2 4 . . 15 . . Explosive . | . . . . . . . . . . . Electromagnetic 37 | 16 6 9 . . 6 . . . . . Robot Hit Streak 9 | 6 5 6 . . 5 . . 9 2 . Robot Miss Streak 3 | 1 1 1 . . 1 . . 3 . . Penetration Max . | . . . . . . . . . . . Secondary Targets 1 | . . 1 . . . . . . . . Max Gunslinging Chain 1 | . . 1 . . . . . . . . Shots Hit Robots 50 | 13 4 8 . . 8 . . 16 1 . Core Hits 25 | 5 3 4 . . 4 . . 8 1 . Critical Kills . | . . . . . . . . . . . Critical Parts Destroyed . | . . . . . . . . . . . Critical Strikes 1 | . . 1 . . . . . . . . Corrupt 1 | . . 1 . . . . . . . . Melee Attacks . | . . . . . . . . . . . Impact . | . . . . . . . . . . . Slashing . | . . . . . . . . . . . Piercing . | . . . . . . . . . . . Sneak Attacks . | . . . . . . . . . . . Combat Hostiles . | . . . . . . . . . . . Follow-up Attacks . | . . . . . . . . . . . Damage Inflicted 1093 | 204 153 111 6 . 211 . . 384 24 . Guns 624 | 180 48 111 . . 92 . . 193 . . Cannons 215 | . . . . . . . . 191 24 . Explosions 248 | 24 105 . . . 119 . . . . . Melee . | . . . . . . . . . . . Ramming 6 | . . . 6 . . . . . . . Kinetic 215 | . . . . . . . . 191 24 . Thermal 467 | 24 105 . . . 145 . . 193 . . Explosive . | . . . . . . . . . . . Electromagnetic 405 | 180 48 111 . . 66 . . . . . Impact . | . . . . . . . . . . . Slashing . | . . . . . . . . . . . Piercing . | . . . . . . . . . . . Highest Corruption 1 | . . . . 1 1 1 . . . . Average Corruption 1 | . . . . 1 1 1 . . . . Corruption Purged . | . . . . . . . . . . . Corruption Blocked . | . . . . . . . . . . . Effects 3 | . . . . . 3 . . . . . Message Errors 1 | . . . . . 1 . . . . . Matter Fused 1 | . . . . . 1 . . . . . Data Loss (minor) 1 | . . . . . 1 . . . . . Overload Shots . | . . . . . . . . . . . Overflow Damage 23 | . . . . . 23 . . . . . Projectiles . | . . . . . . . . . . . Explosions 23 | . . . . . 23 . . . . . Melee . | . . . . . . . . . . . Knockbacks 1 | . . . . . . . . 1 . . Impact . | . . . . . . . . . . . Kinetic 1 | . . . . . . . . 1 . . Secondary . | . . . . . . . . . . . Self-Inflicted Damage 104 | 25 38 . 3 . 38 . . . . . Shots 3 | 1 1 . . . 1 . . . . . Rammed 1 | . . . 1 . . . . . . . Targets Rammed 1 | . . . 1 . . . . . . . Kicked . | . . . . . . . . . . . Crushed . | . . . . . . . . . . . Highest Temperature 174 | 15 21 81 13 3 135 . . 174 . . Average Temperature 48 | 9 17 49 7 2 63 . . 59 . . Received Heat Transfer 612 | . . 54 60 81 135 . . . 255 27 Siege Activations . | . . . . . . . . . . . Robots Corrupted . | . . . . . . . . . . . Combat Hostiles . | . . . . . . . . . . . Parts Fried 3 | 2 . 1 . . . . . . . . Impact Corruptions . | . . . . . . . . . . . Robots Melted . | . . . . . . . . . . . Combat Hostiles . | . . . . . . . . . . . Parts Melted . | . . . . . . . . . . . Heat Transferred 781 | . 100 . . . 274 . . 407 . . Parts Sabotaged . | . . . . . . . . . . . Parts Stolen . | . . . . . . . . . . . Parts Stripped . | . . . . . . . . . . . Power Chain Reactions 3 | 1 1 . . . 1 . . . . . Alert | -11 -10 -10 -9 -8 -8 -8 -8 -6 -6 -6 ------- Run | Yrd Mat Min Mat Mat Sto Rec Scr Fac Ext Cet Peak Influence 200 | 25 104 80 43 49 113 73 . 200 153 40 Initial 98 | . 16 40 23 13 20 39 . . 98 40 Average 65 | 9 90 69 29 39 61 63 . 82 98 40 Maximum Alert Level 1 | . . . . . . . . 1 . . Low Security (%) 98 | 100 100 100 100 100 100 100 . 92 100 100 Level 1 1 | . . . . . . . . 7 . . Level 2 . | . . . . . . . . . . . Level 3 . | . . . . . . . . . . . Level 4 . | . . . . . . . . . . . Level 5 . | . . . . . . . . . . . High Security . | . . . . . . . . . . . Max Security . | . . . . . . . . . . . Squads Dispatched 3 | . . . 1 1 1 . . . . . Investigation 2 | . . . 1 . 1 . . . . . Extermination . | . . . . . . . . . . . Reinforcement 1 | . . . . 1 . . . . . . Assault . | . . . . . . . . . . . Garrison . | . . . . . . . . . . . Intercept . | . . . . . . . . . . . Searches Triggered . | . . . . . . . . . . . Construction Impeded . | . . . . . . . . . . . Haulers Reinforced . | . . . . . . . . . . . Active Scanning Responses . | . . . . . . . . . . . Cargo Convoy Interrupts . | . . . . . . . . . . . Stealth | -11 -10 -10 -9 -8 -8 -8 -8 -6 -6 -6 --------- Run | Yrd Mat Min Mat Mat Sto Rec Scr Fac Ext Cet Distress Signals 3 | . . . 2 . . . . . . 1 Communications Jammed . | . . . . . . . . . . . Distress Signals . | . . . . . . . . . . . Times Spotted 61 | . 2 9 8 6 12 . . 9 10 5 Peak Tracking Total 9 | . 3 8 9 5 4 . . 4 9 5 Tactical Retreats 4 | . . . . . 2 . . 2 . . Traps | -11 -10 -10 -9 -8 -8 -8 -8 -6 -6 -6 ------- Run | Yrd Mat Min Mat Mat Sto Rec Scr Fac Ext Cet Traps Triggered 2 | . . . . 1 . . . 1 . . Indirectly . | . . . . . . . . . . . Trap Hack Attempts . | . . . . . . . . . . . Triggered . | . . . . . . . . . . . Disarmed . | . . . . . . . . . . . Reprogrammed . | . . . . . . . . . . . Reused . | . . . . . . . . . . . Traps Extracted . | . . . . . . . . . . . Installed . | . . . . . . . . . . . Triggered . | . . . . . . . . . . . Machines | -11 -10 -10 -9 -8 -8 -8 -8 -6 -6 -6 ---------- Run | Yrd Mat Min Mat Mat Sto Rec Scr Fac Ext Cet Machines Disabled 2 | . 1 . . . 1 . . . . . Max in Single Turn 1 | . 1 . . . 1 . . . . . Machines Repaired . | . . . . . . . . . . . Machines Dismantled . | . . . . . . . . . . . Machines Sabotaged . | . . . . . . . . . . . Overloaded Fab Kills . | . . . . . . . . . . . Hacking | -11 -10 -10 -9 -8 -8 -8 -8 -6 -6 -6 --------- Run | Yrd Mat Min Mat Mat Sto Rec Scr Fac Ext Cet Machines Accessed 21 | . . . 1 2 3 7 5 3 . . Terminals 10 | . . . . . 3 5 . 2 . . Fabricators 1 | . . . . . . . . 1 . . Repair Stations 2 | . . . 1 1 . . . . . . Recycling Units 2 | . . . . . . 2 . . . . Scanalyzers . | . . . . . . . . . . . Garrison Access 1 | . . . . 1 . . . . . . Total Hacks 60 | . . . 4 4 9 16 22 5 . . Successful 40 | . . . 1 2 4 9 22 2 . . Failed 20 | . . . 3 2 5 7 . 3 . . Catastrophic . | . . . . . . . . . . . Database Lockouts . | . . . . . . . . . . . Manual 20 | . . . . 2 8 10 . . . . Terminals 25 | . . . . . 9 12 . 4 . . Fabricators 1 | . . . . . . . . 1 . . Repair Stations 6 | . . . 4 2 . . . . . . Recycling Units 4 | . . . . . . 4 . . . . Scanalyzers . | . . . . . . . . . . . Garrison Access 2 | . . . . 2 . . . . . . Terminal Hacks 33 | . . . . . 4 6 22 1 . . Record 14 | . . . . . . . 14 . . . Robot Analysis 7 | . . . . . . . 7 . . . Prototype ID Bank 1 | . . . . . . 1 . . . . Terminal Index 2 | . . . . . 1 1 . . . . Alert Level 1 | . . . . . 1 . . . . . Locate Traps 1 | . . . . . 1 . . . . . Coupling Status 1 | . . . . . . 1 . . . . Zone Layout 5 | . . . . . 1 3 . 1 . . Derelict Proto ID Bank 1 | . . . . . . . 1 . . . Fabricator Hacks 1 | . . . . . . . . 1 . . Network Status 1 | . . . . . . . . 1 . . Repair Station Hacks 2 | . . . 1 1 . . . . . . Scan Component 1 | . . . 1 . . . . . . . Refit 1 | . . . . 1 . . . . . . Recycling Unit Hacks 1 | . . . . . . 1 . . . . Report Inventory 1 | . . . . . . 1 . . . . Scanalyzer . | . . . . . . . . . . . Garrison Access Hacks . | . . . . . . . . . . . Unauthorized Hacks 3 | . . . . 1 . 2 . . . . Terminals . | . . . . . . . . . . . Fabricators . | . . . . . . . . . . . Repair Stations . | . . . . . . . . . . . Recycling Units 2 | . . . . . . 2 . . . . Monitor 1 | . . . . . . 1 . . . . Recyclers 1 | . . . . . . 1 . . . . Scanalyzers . | . . . . . . . . . . . Garrison Access 1 | . . . . 1 . . . . . . Watchers 1 | . . . . 1 . . . . . . Data Cores Recovered . | . . . . . . . . . . . Used . | . . . . . . . . . . . Hacking Detections 10 | . . . 1 1 3 3 . 2 . . Full Trace Events 2 | . . . 1 . 1 . . . . . Feedback Events . | . . . . . . . . . . . Feedback Blocked . | . . . . . . . . . . . Robot Schematics Acquired . | . . . . . . . . . . . Robots Built . | . . . . . . . . . . . Authchips . | . . . . . . . . . . . Time . | . . . . . . . . . . . Total Robot Build Rating . | . . . . . . . . . . . Part Schematics Acquired . | . . . . . . . . . . . Parts Built . | . . . . . . . . . . . Authchips . | . . . . . . . . . . . Time . | . . . . . . . . . . . Total Part Build Rating . | . . . . . . . . . . . Parts Repaired . | . . . . . . . . . . . Time . | . . . . . . . . . . . Parts Recycled . | . . . . . . . . . . . Recycled Matter . | . . . . . . . . . . . Retrieved Matter . | . . . . . . . . . . . Retrieved Components . | . . . . . . . . . . . Parts Scanalyzed . | . . . . . . . . . . . Part Schematics Acquired . | . . . . . . . . . . . Parts Damaged . | . . . . . . . . . . . Bothacking | -11 -10 -10 -9 -8 -8 -8 -8 -6 -6 -6 ------------ Run | Yrd Mat Min Mat Mat Sto Rec Scr Fac Ext Cet Used RIF Installer . | . . . . . . . . . . . Robots Hacked . | . . . . . . . . . . . Non-combat . | . . . . . . . . . . . Combat . | . . . . . . . . . . . Robot Hacks Applied . | . . . . . . . . . . . Relay Couplers Released . | . . . . . . . . . . . Fabnet Peak Effective % . | . . . . . . . . . . . Robots Rewired . | . . . . . . . . . . . Allies Hacked . | . . . . . . . . . . . Hacks Repelled . | . . . . . . . . . . . Allies | -11 -10 -10 -9 -8 -8 -8 -8 -6 -6 -6 -------- Run | Yrd Mat Min Mat Mat Sto Rec Scr Fac Ext Cet Total Allies . | . . . . . . . . . . . Largest Group . | . . . . . . . . . . . Highest-Rated Group . | . . . . . . . . . . . Highest-Rated Ally . | . . . . . . . . . . . Total Orders . | . . . . . . . . . . . Ally Attacks . | . . . . . . . . . . . Total Damage . | . . . . . . . . . . . Kills . | . . . . . . . . . . . Allies Corrupted . | . . . . . . . . . . . Allies Melted . | . . . . . . . . . . . Intel | -11 -10 -10 -9 -8 -8 -8 -8 -6 -6 -6 ------- Run | Yrd Mat Min Mat Mat Sto Rec Scr Fac Ext Cet Robot Analysis Total 7 | . . . . . . . 7 . . . Derelict Logs Recovered . | . . . . . . . . . . . Drone Launches . | . . . . . . . . . . . Drone Recoveries . | . . . . . . . . . . . Exploration | -11 -10 -10 -9 -8 -8 -8 -8 -6 -6 -6 ------------- Run | Yrd Mat Min Mat Mat Sto Rec Scr Fac Ext Cet Turns Passed 3260 | 120 131 47 34 111 323 154 1843 313 152 32 Spaces Moved 4580 | 125 265 46 85 112 273 552 2048 611 399 64 Core 354 | 125 55 17 1 . . . . . 92 64 Treads . | . . . . . . . . . . . Legs . | . . . . . . . . . . . Wheels . | . . . . . . . . . . . Hover 314 | . . . . 106 208 . . . . . Flight 3912 | . 210 29 84 6 65 552 2048 611 307 . Fastest Speed 26 | 50 37 37 37 40 26 26 29 26 26 50 Average Speed 35 | 51 39 42 37 79 83 27 29 28 31 50 Slowest Speed 160 | 100 50 50 50 160 160 35 29 102 50 50 Overloaded Moves . | . . . . . . . . . . . Propulsion Burnouts . | . . . . . . . . . . . Robots Hopped 18 | . 1 1 1 . . 1 2 4 8 . Cave-ins Triggered . | . . . . . . . . . . . Exploration Rate (%) 34 | 4 34 10 16 11 38 90 96 10 47 22 Regions Visited 10 Branch Regions 6 Pre-discovered Areas . | . . . . . . . . . . . Known Exits Taken 1 | . . . . . . . . . 1 . Unknown Exits Taken 9 | 1 1 1 1 1 1 1 1 1 . . Scrap Searched 4 | . . . . . . . 4 . . . Spaces Dug . | . . . . . . . . . . . Terrain Destroyed 8 | 3 2 . . . 3 . . . . . Melee . | . . . . . . . . . . . Projectile . | . . . . . . . . . . . AOE 8 | 3 2 . . . 3 . . . . . Terrain Rammed . | . . . . . . . . . . . Walls Destroyed . | . . . . . . . . . . . Machines Disabled . | . . . . . . . . . . . Actions | -11 -10 -10 -9 -8 -8 -8 -8 -6 -6 -6 --------- Run | Yrd Mat Min Mat Mat Sto Rec Scr Fac Ext Cet Total 6123 | 164 283 62 86 133 356 552 3294 716 413 64 Wait 1451 | 13 8 12 . 10 66 1 1244 77 20 . Move 4538 | 124 262 43 83 111 272 549 2044 602 384 64 Hop 15 | . 1 1 1 . . 1 1 4 6 . Pick Up 17 | 4 3 . . 3 2 . 2 3 . . Fast Attach 20 | 3 2 . . 1 3 1 1 7 2 . Attach 11 | . 2 . 2 2 1 . . 4 . . Detach 8 | 2 1 . . 2 1 . . 2 . . Swap 3 | . . . . . 3 . . . . . Drop 12 | 2 1 . . 3 2 . 2 2 . . Fire 48 | 16 3 6 . 1 6 . . 15 1 . Melee . | . . . . . . . . . . . Ram . | . . . . . . . . . . . Kick . | . . . . . . . . . . . Crush . | . . . . . . . . . . . Escape Stasis . | . . . . . . . . . . . Rewire . | . . . . . . . . . . . Trap . | . . . . . . . . . . . Miscellaneous . | . . . . . . . . . . . Route ------- -11/Scrapyard -10/Materials (discovered 2 exits: *Mat / [*Min]) -10/Mines -9/Materials -8/Materials -8/Storage -8/Recycling (discovered 2 exits: *Fac / *Scr) -8/Scraptown (discovered 2 exits: *Fac x2) -6/Factory -6/Extension (discovered 2 exits: *Fac / *Cet) -6/Cetus (discovered 1 exit: *Fac) History --------- Turn | Location | Event 5 | -11/Scrapyard | Discovered new exit (range 15) 121 | -11/Scrapyard | Entered Materials 184 | -10/Materials | Discovered new exit (range 13) 214 | -10/Materials | Discovered new exit (range 15) 252 | -10/Materials | Entered Mines 253 | -10/Mines | Assembled infested the area 261 | -10/Mines | Met a Derelict bent on vengeance 293 | -10/Mines | Core integrity fell below 50% 296 | -10/Mines | Discovered new exit (range 7) 299 | -10/Mines | Entered Materials 299 | -9/Materials | Evolved 2 slots: Propulsion x2 321 | -9/Materials | Build established: Mutant 328 | -9/Materials | Discovered new exit (range 11) 333 | -9/Materials | Entered another Materials area 333 | -8/Materials | Evolved 2 slots: Utility x2 333 | -8/Materials | Discovered new exit (range 15) 444 | -8/Materials | Entered Storage 448 | -8/Storage | Met 01-MTF 751 | -8/Storage | Discovered new exit (range 12) 762 | -8/Storage | Used back door to open Recycling access 767 | -8/Storage | Entered Recycling 794 | -8/Recycling | Scanned before Scraplab entrance 798 | -8/Recycling | Entered Scraplab 862 | -8/Recycling | Discovered new exit (range 16) 921 | -8/Recycling | Discovered new exit (range 3) 921 | -8/Recycling | Entered Scraptown 921 | -8/Scraptown | System corruption cleaned by C-Scrubber 961 | -8/Scraptown | Heard Great Nut preacher, LISTEN AND RECITE! 989 | -8/Scraptown | Visited Cyclists 995 | -8/Scraptown | Visited Assassins FH 1010 | -8/Scraptown | Build established: Sprinter 1054 | -8/Scraptown | Discovered new exit (range 7) 1081 | -8/Scraptown | Visited SPCMW 1095 | -8/Scraptown | Visited Comm Corps 1113 | -8/Scraptown | Visited Awakened 1120 | -8/Scraptown | Visited TADAMA 1126 | -8/Scraptown | Visited CPS Storage 1245 | -8/Scraptown | Visited UFD Registry 1245 | -8/Scraptown | Registered with UFD as "Wavetalker" 1260 | -8/Scraptown | Visited Botcube Research 1278 | -8/Scraptown | Visited Observation Area 1319 | -8/Scraptown | Visited Abandonware Association 1323 | -8/Scraptown | Learned abandonware demo "HACKBUD.EXE" 1336 | -8/Scraptown | Visited Curators Association 1344 | -8/Scraptown | Visited Science Testing Area 1350 | -8/Scraptown | Visited Derelict Rescue Squad 1356 | -8/Scraptown | Found DRS Beacon 1383 | -8/Scraptown | Visited Analyses Database 2256 | -8/Scraptown | Visited Science Guys 2291 | -8/Scraptown | Visited Chapter 10 2760 | -8/Scraptown | Discovered new exit (range 5) 2764 | -8/Scraptown | Entered Factory 2764 | -6/Factory | Evolved 4 slots: Propulsion x1, Utility x3 2990 | -6/Factory | Discovered new exit (range 15) 3077 | -6/Factory | Entered Extension 3095 | -6/Extension | Spotted B-75 Beast 3098 | -6/Extension | Spotted B-75 Beast 3186 | -6/Extension | Core integrity fell below 50% 3218 | -6/Extension | Discovered new exit (range 16) 3219 | -6/Extension | Discovered new exit (range 14) 3226 | -6/Extension | Core integrity fell below 20% 3227 | -6/Extension | Identified exit to Cetus 3228 | -6/Extension | Identified exit to Factory 3229 | -6/Extension | Entered Cetus 3237 | -6/Cetus | Spotted Cetus Guard 3237 | -6/Cetus | Spotted Cetus Guard 3237 | -6/Cetus | Spotted Cetus Guard 3246 | -6/Cetus | Lost 12 parts (1p4n5u2w) 3248 | -6/Cetus | Discovered exit to Factory (range 16) 3257 | -6/Cetus | Spotted Cetus Guard 3261 | -6/Cetus | Destroyed by Cetus Guard with Advanced KE Penetrator Last Messages --------------- 03182_ Knocked back. 03182_ U-05 Engineer destroyed. 03182_ Acquired Terrain Scan Processor. 03185_ U-05 Engineer builds a Wall. 03185_ Enh. Optical Array destroyed. 03185_ Knocked back. 03185_ K-01 Serf destroyed. 03215_ Imp. Terrain Scan Processor destroyed. 03218_ EXIT=FOUND 03223_ R-10 Processor exits Transfer Station. 03223_ K-01 Serf exits Transfer Station. 03223_ R-10 Processor exits Transfer Station. 03224_ Acquired Adv. Signal Interpreter. 03227_ EXIT=IDENTIFIED: CETUS 03228_ EXIT=IDENTIFIED: FACTORY LOCATION=CETUS GOAL=ESCAPE 03238_ Slug penetrates Wall. 03248_ EXIT=FOUND: FACTORY 03259_ Penetrated by Slug. Map ----- +----------------------------------------------------+ | | | ???????????????????????????????????????????????? | | ???????????????????????????????????????????????? | | ???????????????????????????????????????????????? | | ??????????????????????#####????????????????????? | | ??????????????????????# #????????????????????? | | ??????????????????????# < #????????????????????? | | ??????????????????????# #????????????????????? | | ??????????????????????# #????????????????????? | | ??????????????????????# #????????????????????? | | ??????????????????????# #????????????????????? | | ??????????????????????# #????????????????????? | | ??????????????????????# #????????????????????? | | ??????????????????????# #????????????????????? | | ??????????????????????# #????????????????????? | | ??????????????????????# #????????????????????? | | ??????????????????????# #????????????????????? | | ??????????????????????# #????????????????????? | | ??????????????????????# #????????????????????? | | ??????????????????????# #????????????????????? | | ??????????????????????# #????????????????????? | | ?????????????????????## #????????????????????? | | ?????????????????????#; #????????????????????? | | ?????????????????????## #????????????????????? | | ??????????????????????# #????????????????????? | | ??????????????????????#@ #????????????????????? | | ??????????????????????# #????????????????????? | | ??????????????????????# #????????????????????? | | ??????????????????????# #????????????????????? | | ??????????????????????# #????????????????????? | | ??????????????????????#YYY#????????????????????? | | ??????????????????????# Y#????????????????????? | | ??????????????????????# #????????????????????? | | ??????????????????????# #????????????????????? | | ??????????????????????# #????????????????????? | | ??????????????????????# #????????????????????? | | ??????????????????????# #????????????????????? | | ??????????????????????# #????????????????????? | | ??????????????????????# #????????????????????? | | ???????????????????#### ##???????????????????? | | ?###################""" "###?????????????????? | | ?# ??????????? | | ?# +?????????? | | ?# ??????????? | | ?############################### ##??????????? | | ??????????????????????????????????##???????????? | | ???????????????????????????????????????????????? | | ???????????????????????????????????????????????? | | ???????????????????????????????????????????????? | | ???????????????????????????????????????????????? | +----------------------------------------------------+ Best States ------------- Heat Dissipation 37 Energy Generation 11 Energy Capacity 125 Matter Stores 300 Matter Capacity 300 Sight Range 22 Terrain Scan Range 16 Terrain Scan Density 385 Armor Coverage 150 Evasion (%) 64 Authchip Count 1 Item Schematics ----------------- None Robot Schematics ------------------ None Fabricated ------------ Nothing Alien Tech Used ----------------- None Achievements -------------- None Challenges ------------ None Game ------ Seed HybridThermoelectricPlating Manual? 0 Play Time 01:07:22 Cumulative 56.2 hours Start 2025.03.07 @ 19:32:16 End 2025.03.07 @ 20:43:07 Sessions 1 Manual Loads 0 Difficulty Rogue Special Mode None Game No. 27 Rogue 27 Adventurer 0 Explorer 0 Win Type - Total 2 Types 2/0/0/0/0/0/0/0/0 Lore% 39 Gallery% 40 Achievement% 31 Wizard Run 0 Options --------- Layout 1 ASCII 0 Keyboard 1 Movement Numpad Keybinds 0 Fullscreen 1 Font 24/Cog Map View 50x35 Zoom Use 0% Tactical HUD 1 Map Filters NONE Filters NONE Steam 1 RUN: d69aad4d-5f84-413b-b6c8-b8a93d7229e7